 Dungeon Sprint DCSS version 0.17-a0-1508-ge7f3dc3 (webtiles) character file.

10119 nuthulu the Warrior (level 11, -12/85 HPs)
             Began as a Gargoyle Fighter on July 10, 2015.
             Was the Champion of Okawaru.
             Killed by divine providence
             ... invoked by a smoke demon
             ... summoned by an orc high priest
              (14 damage)
             ... in the Dungeon (Sprint IX: "|||||||||||||||||||||||||||||").
             The game lasted 00:06:20 (2106 turns).

nuthulu the Warrior (Gargoyle Fighter)              Turns: 2106, Time: 00:06:20

Health: -12/85     AC: 36    Str: 21    XL:     11   Next: 57%
Magic:  11/11      EV:  6    Int: 15    God:    Okawaru [******]
Gold:   378        SH: 14    Dex: 11    Spells: 0 memorised, 10 levels left

rFire  . . .     SeeInvis .     q - +2 morningstar (protect)
rCold  . . .     Clarity  .     s - +2 plate armour
rNeg   + . .     SustAt   .     c - +2 shield
rPois  ∞         Gourm    .     r - +2 helmet
rElec  +         Spirit   .     z - +0 cloak
rCorr  .         Warding  .     y - +0 pair of gloves
rMut   .         NoTele   +     (no boots)
MR     .....                    (no amulet)
Stlth  ..........               t - +3 ring of intelligence
                                u - +3 ring of intelligence

@: not resistant to hostile enchantments, extremely unstealthy
A: negative energy resistance 1, electricity resistance, unbreathing,
petrification resistance, rot immunity, AC +7
a: Heroism, Finesse, Renounce Religion


You were in the Dungeon.
You worshipped Okawaru.
Okawaru was exalted by your worship.
You were not hungry.

You visited 1 branch You collected 378 gold pieces.

Inventory:

Hand weapons
 a - a +0 flail
 q - a +2 morningstar of protection (weapon)
 A - the +1 flail "Duadoth" {elec, Int+6}
   (Okawaru gifted it to you in the Dungeon)

   Occasionally, upon striking a foe, it will discharge some electrical energy
   and cause terrible harm.
   It affects your intelligence (+6).
Armour
 b - a +0 scale mail
 c - a +2 shield (worn)
 r - a +2 helmet (worn)
 s - a +2 plate armour (worn)
 y - a +0 pair of gloves (worn)
 z - a +0 cloak (worn)
Jewellery
 t - a +3 ring of intelligence (right hand)
 u - a +3 ring of intelligence (left hand)
Magical devices
 p - a wand of fire (7)
Scrolls
 k - 2 scrolls of blinking
 n - 3 scrolls of remove curse
 o - 2 scrolls of amnesia
 x - 3 scrolls of fear
Potions
 d - a potion of might
 f - 7 potions of curing
 g - 3 potions of heal wounds
 h - a potion of haste
 i - 4 potions of magic
 l - 2 potions of agility
 m - a potion of invisibility
 v - a potion of berserk rage
Comestibles
 e - 13 bread rations
 j - 40 fruits
 w - 11 meat rations


   Skills:
 - Level 17.6 Fighting
 - Level 16.2 Maces & Flails
 * Level 12.1 Armour
 * Level 12.1 Shields


You had 10 spell levels left.
You didn't know any spells.

Dungeon Overview and Level Annotations

Branches:
Dungeon (1/1)

Altars:
Cheibriados
Dithmenos
Elyvilon
Fedhas
Gozag
Kikubaaqudgha
Makhleb
Nemelex Xobeh
Okawaru
Qazlal
Ru
Sif Muna
Trog
Vehumet
Xom
Yredelemnul
Zin
The Shining One
Beogh
Jiyva
Lugonu

Shops:
D (


Innate Abilities, Weirdness & Mutations

You are resistant to torment.
Your stone body is resilient (AC +7).
You are immune to poison.
You resist negative energy.
You are resistant to electric shocks.
You can survive without breathing.
You are immune to petrification.
You are immune to rotting.


Message History

* * * LOW HITPOINT WARNING * * *
Items here: $ ) [ ÷ a battleaxe; a plate armour; 50 gold pieces; an orc skeleton Unknown command.
Unknown command.
Unknown command.
The smoke demon gestures at you. You block the sticky flame.
Items here: $ ) [ ÷ a short sword; a chain mail; 100 gold pieces; an orc skeleton Unknown command.
Unknown command.
Items here: $ )) [[ ÷÷ Unknown command.
Things that are here:
a flail; a plate armour; 50 gold pieces You feel like a meek peon again.
The smoke demon gestures at you. Something smites you!
You die...

▓_▓.▓.▓.▓)▓
▓_▓.▓.▓.▓)▓
▓_▓.▓.▓.▓4▓
▓_▓.▓.▓.▓3▓
▓_▓.▓.▓.▓)▓
▓_▓.▓.▓.▓)▓
▓_▓.▓.▓.▓§▓
▓_▓.▓%▓.▓)▓
▓_▓.▓)▓.▓@▓
▓_▓.▓.▓.▓)▓
▓_▓.▓.▓.▓)▓
▓_▓.▓.▓.▓'▓
▓_▓.▓.▓.▓(▓
▓_▓.▓.▓.▓.▓
▓_▓.▓.▓.▓.▓
▓_▓.▓.▓.▓)▓
▓_▓.▓÷▓.▓.▓


You could see a smoke demon and a blue devil.

Vanquished Creatures
  A stone giant (D)
  A hydra (D)
  A centaur warrior (D)
  Erolcha (D)
  4 orc knights (D)
  2 spiny frogs (D)
  3 komodo dragons (D)
  3 polar bears (D)
  A yak (D)
  4 hippogriffs (D)
  A wolf (D)
  2 porcupines (D)
  An ice beast (D)
  A wasp (D)
  11 orc warriors (D)
  5 black bears (D)
  A centaur (D)
  A big kobold (D)
  A crocodile (D)
  2 giant frogs (D)
  A gnoll sergeant (D)
  2 orc priests (D)
  3 orc wizards (D)
  An iguana (D)
  A worker ant (D)
  A river rat (D)
  A gnoll (D)
  A shadow imp (D)
  An adder zombie (D)
  10 orcs (D)
  A hobgoblin (D)
  A bat (D)
  A giant cockroach (D)
  4 giant newts (D)
  A rat (D)
77 creatures vanquished.

Vanquished Creatures (others)
  A spatial maelstrom (D)
1 creature vanquished.

Grand Total: 78 creatures vanquished

Notes
Turn   | Place    | Note
--------------------------------------------------------------
     0 | D        | nuthulu the Gargoyle Fighter began the quest for the Orb.
     0 | D        | Reached XP level 1. HP: 14/14 MP: 1/1
     6 | D        | Banished a spatial maelstrom
    16 | D        | Reached skill level 4 in Fighting
   101 | D        | Reached skill level 5 in Fighting
   101 | D        | Reached XP level 2. HP: 14/21 MP: 2/2
   239 | D        | Found a glowing silver altar of Zin.
   239 | D        | Found a glowing golden altar of the Shining One.
   239 | D        | Found an ancient bone altar of Kikubaaqudgha.
   239 | D        | Found a basalt altar of Yredelemnul.
   239 | D        | Found a shimmering altar of Xom.
   239 | D        | Found a radiant altar of Vehumet.
   266 | D        | Found an iron altar of Okawaru.
   267 | D        | Found a burning altar of Makhleb.
   268 | D        | Found a deep blue altar of Sif Muna.
   269 | D        | Found a bloodstained altar of Trog.
   270 | D        | Found a sparkling altar of Nemelex Xobeh.
   271 | D        | Found a white marble altar of Elyvilon.
   272 | D        | Found a roughly hewn altar of Beogh.
   273 | D        | Found a viscous altar of Jiyva.
   274 | D        | Became a worshipper of Warmaster Okawaru
   275 | D        | Found a corrupted altar of Lugonu.
   276 | D        | Found a blossoming altar of Fedhas.
   277 | D        | Found a snail-covered altar of Cheibriados.
   278 | D        | Found a shadowy altar of Dithmenos.
   279 | D        | Found a stormy altar of Qazlal.
   280 | D        | Found an opulent altar of Gozag.
   281 | D        | Found a sacrificial altar of Ru.
   328 | D        | Noticed an orc warrior
   328 | D        | Noticed a gnoll sergeant
   328 | D        | Noticed a big kobold
   328 | D        | Noticed a wasp
   335 | D        | Killed a wasp
   335 | D        | Acquired Okawaru's first power
   335 | D        | Reached skill level 8 in Fighting
   335 | D        | Reached XP level 3. HP: 29/29 MP: 3/3
   335 | D        | Reached XP level 4. HP: 35/35 MP: 4/4
   335 | D        | Reached XP level 5. HP: 39/39 MP: 5/5
   355 | D        | Killed a big kobold
   355 | D        | Reached skill level 9 in Fighting
   360 | D        | Killed a gnoll sergeant
   360 | D        | Reached skill level 10 in Fighting
   360 | D        | Reached XP level 6. HP: 29/48 MP: 3/6
   366 | D        | Killed an orc warrior
   490 | D        | Noticed a centaur warrior
   490 | D        | Noticed a worker ant
   490 | D        | Noticed an ice beast
   490 | D        | Noticed a yak
   490 | D        | Noticed a centaur
   496 | D        | Killed a centaur
   496 | D        | Reached skill level 11 in Fighting
   496 | D        | Reached skill level 10 in Maces & Flails
   496 | D        | Reached XP level 7. HP: 52/54 MP: 4/7
   504 | D        | Killed a yak
   504 | D        | Reached skill level 12 in Fighting
   511 | D        | Killed an ice beast
   518 | D        | Killed a centaur warrior
   518 | D        | Reached skill level 14 in Fighting
   518 | D        | Reached XP level 8. HP: 43/64 MP: 6/8
   520 | D        | Killed a worker ant
   736 | D        | Noticed a hippogriff
   736 | D        | Noticed a hippogriff
   736 | D        | Noticed an iguana
   736 | D        | Noticed a wolf
   736 | D        | Noticed a komodo dragon
   736 | D        | Noticed a porcupine
   742 | D        | Noticed a giant frog
   743 | D        | Killed a porcupine
   750 | D        | Noticed a giant frog
   750 | D        | Killed a komodo dragon
   750 | D        | Acquired Okawaru's second power
   750 | D        | Reached XP level 9. HP: 46/70 MP: 7/9
   751 | D        | Killed a wolf
   751 | D        | Reached skill level 15 in Fighting
   752 | D        | Noticed a komodo dragon
   755 | D        | Killed an iguana
   759 | D        | Killed a hippogriff
   762 | D        | Killed a hippogriff
   764 | D        | Killed a giant frog
   770 | D        | Killed a giant frog
   772 | D        | Killed a komodo dragon
   894 | D        | Noticed a spiny frog
   894 | D        | Noticed a hippogriff
   894 | D        | Noticed a porcupine
   894 | D        | Noticed a spiny frog
   894 | D        | Noticed a hippogriff
   898 | D        | Noticed a komodo dragon
   900 | D        | Noticed a seven-headed hydra
   901 | D        | Killed a hippogriff
   901 | D        | Reached skill level 16 in Fighting
   909 | D        | Noticed a crocodile
   912 | D        | Killed a spiny frog
   912 | D        | Reached skill level 15 in Maces & Flails
   915 | D        | Killed a porcupine
   920 | D        | Killed a hippogriff
   924 | D        | Killed a spiny frog
   924 | D        | Reached XP level 10. HP: 56/80 MP: 8/10
   930 | D        | Killed a komodo dragon
   930 | D        | Reached skill level 17 in Fighting
   936 | D        | Killed a seven-headed hydra
   936 | D        | Received a gift from Okawaru
   939 | D        | Killed a crocodile
  1153 | D        | Noticed a polar bear
  1153 | D        | Noticed a polar bear
  1153 | D        | Noticed a black bear
  1153 | D        | Noticed a black bear
  1153 | D        | Noticed a black bear
  1153 | D        | Noticed a polar bear
  1159 | D        | Noticed a black bear
  1159 | D        | Killed a polar bear
  1163 | D        | Killed a black bear
  1170 | D        | Noticed a black bear
  1172 | D        | Killed a polar bear
  1172 | D        | Reached skill level 5 in Armour
  1172 | D        | Reached skill level 5 in Shields
  1173 | D        | Killed a black bear
  1176 | D        | Killed a black bear
  1183 | D        | Killed a polar bear
  1187 | D        | Killed a black bear
  1190 | D        | Killed a black bear
  1352 | D        | Noticed Erolcha
  1369 | D        | Killed Erolcha
  1369 | D        | Received a gift from Okawaru
  1621 | D        | Noticed an orc priest
  1621 | D        | Noticed an orc wizard
  1621 | D        | Noticed a stone giant
  1636 | D        | Killed a stone giant
  1636 | D        | Reached XP level 11. HP: 32/85 MP: 9/11
  1642 | D        | Killed an orc wizard
  1643 | D        | Noticed an orc warrior
  1646 | D        | Killed an orc priest
  1647 | D        | Noticed an orc wizard
  1652 | D        | Noticed an orc warrior
  1652 | D        | Killed an orc warrior
  1661 | D        | Killed an orc warrior
  1665 | D        | Killed an orc wizard
  1668 | D        | Noticed an orc priest
  1676 | D        | Killed an orc priest
  1818 | D        | Noticed an orc warrior
  1818 | D        | Noticed an orc warrior
  1818 | D        | Noticed an orc wizard
  1818 | D        | Noticed an orc warrior
  1818 | D        | Noticed an orc warrior
  1818 | D        | Noticed an orc warrior
  1819 | D        | Noticed an orc warrior
  1822 | D        | Killed an orc warrior
  1823 | D        | Noticed an orc knight
  1830 | D        | Killed an orc warrior
  1830 | D        | Reached skill level 10 in Armour
  1830 | D        | Reached skill level 10 in Shields
  1831 | D        | Noticed an orc warrior
  1836 | D        | Killed an orc warrior
  1837 | D        | Noticed an orc knight
  1840 | D        | Killed an orc warrior
  1841 | D        | Noticed an orc warrior
  1850 | D        | Killed an orc knight
  1856 | D        | Killed an orc warrior
  1857 | D        | Noticed an orc knight
  1860 | D        | Killed an orc warrior
  1877 | D        | Killed an orc knight
  1879 | D        | Killed an orc warrior
  1889 | D        | Killed an orc knight
  1889 | D        | Received a gift from Okawaru
  1892 | D        | Killed an orc warrior
  1899 | D        | Killed an orc wizard
  1907 | D        | Got a jewelled flail {god gift}
  1908 | D        | Identified the +1 flail "Duadoth" {elec, Int+6} (Okawaru gifted it to you in the Dungeon)
  2057 | D        | Found Loes's Antique Weapon Boutique.
  2057 | D        | Noticed an orc high priest
  2057 | D        | Noticed an orc knight
  2059 | D        | Noticed an orc high priest
  2062 | D        | Noticed an orc high priest
  2068 | D        | Killed an orc knight
  2069 | D        | Noticed a sun demon
  2074 | D        | Killed a sun demon
  2075 | D        | Noticed a soul eater
  2082 | D        | Noticed an ice devil
  2101 | D        | HP: 3/85 [something/ball of steam[an orc high priest] (20)]
  2102 | D        | HP: 1/85 [burnt (2)]
  2106 | D        | Killed from afar by a smoke demon

Vault maps used:
D:        linesprint

Action                   |  1- 3 |  4- 6 |  7- 9 | 10-12 || total
-------------------------+-------+-------+-------+-------++-------
Melee: Flail             |    40 |       |       |       ||    40
       Morningstar       |     6 |    28 |    89 |   201 ||   324
Invok: Heroism           |       |     2 |     2 |     4 ||     8
       Finesse           |       |       |       |     1 ||     1
  Use: Potion            |     1 |       |       |     2 ||     3
       Scroll            |       |       |     6 |       ||     6
 Stab: Fleeing           |       |       |       |     1 ||     1
  Eat: Chunk             |       |       |     1 |     1 ||     2
       Meat ration       |       |       |       |     1 ||     1
